 Dungeon Crawl Stone Soup version 0.23.1 (webtiles) character file.

Game seed: 5421348474612088395

1579 Joat the Covert (level 8, -3/37 HPs)
             Began as a Spriggan Enchanter on Mar 7, 2019.
             Was an Initiate of Gozag.
             Killed by nerve-wracking pain
             ... invoked by an orc priest
              (4 damage)
             ... on level 4 of the Dungeon.
             The game lasted 00:41:06 (6065 turns).

Joat the Covert (Spriggan Enchanter)                Turns: 6065, Time: 00:41:06

Health: -3/37      AC:  2    Str:  4    XL:     8   Next: 60%
Magic:  10/19      EV: 20    Int: 18    God:    Gozag
Gold:   319        SH:  0    Dex: 17    Spells: 12/21 levels left

rFire    . . .     SeeInvis +   a - +2 dagger
rCold    . . .     Gourm    .   (shield restricted)
rNeg     + . .     Faith    .   y - +0 robe {rN+}
rPois    +         Spirit   .   (helmet restricted)
rElec    .         Reflect  .   g - scarf {repulsion}
rCorr    .         Harm     .   (gloves unavailable)
MR       +....                  (boots unavailable)
Stlth    +++++.....             (no amulet)
HPRegen  0.12/turn              e - ring of poison resistance
MPRegen  0.16/turn              (no ring)

@: repel missiles, very quick
A: very small, unfitting armour, see invisible, herbivore, speed 3, slow
metabolism 2
a: Potion Petition, Call Merchant, Bribe Branch, Renounce Religion


You were on level 4 of the Dungeon.
You worshipped Gozag.
Gozag was aware of your devotion.
You were not hungry.

You visited 2 branches of the dungeon, and saw 6 of its levels.
You also visited: Sewer.

You collected 411 gold pieces.
You paid 92 gold pieces to Gozag.

Inventory:

Hand Weapons
 a - a +2 dagger (weapon)
 b - a +1 trident of venom
Armour
 g - a scarf of repulsion (worn)
 y - a +0 robe of positive energy (worn)
Jewellery
 e - a ring of poison resistance (left hand)
 i - an uncursed ring of wizardry
Wands
 x - a wand of polymorph (1)
Scrolls
 k - a scroll of blinking
 s - a scroll of enchant weapon
Potions
 f - a potion of invisibility {unknown}
 h - a potion of haste
 j - a potion of ambrosia
 l - a potion of experience {unknown}
 m - a potion of berserk rage
 n - a potion of agility {unknown}
 o - a potion of resistance {unknown}
 p - 2 potions of flight
 q - 2 potions of magic {unknown}
 t - 5 potions of heal wounds {unknown}
 v - a potion of lignification
 w - a potion of might
 z - 5 potions of curing
Comestibles
 d - 11 rations


   Skills:
 + Level 1.4 Fighting
 + Level 6.2 Short Blades
 + Level 4.6 Dodging
 + Level 10.3 Stealth
 + Level 7.2 Spellcasting
 - Level 4.0 Hexes
 + Level 1.4 Ice Magic


You had 12 spell levels left.
You knew the following spells:

 Your Spells              Type           Power        Failure   Level  Hunger
a - Corona                Hex            ###....      1%          1    None
c - Confuse               Hex            ###.....     6%          3    #......
t - Tukima's Dance        Hex            ###.....     6%          3    #......
z - Ensorcelled Hibernat  Hex/Ice        ###...       5%          2    None

Your spell library contained the following spells:

 Spells                   Type           Power        Failure   Level  Hunger
 Dazzling Spray           Conj/Hex       ##....       14%         3    #......


Dungeon Overview and Level Annotations

Branches:
Dungeon (5/15)             Temple (1/1) D:5

Altars:
Ashenzari
Cheibriados
Elyvilon
Fedhas
Gozag
Kikubaaqudgha
Nemelex Xobeh
Okawaru
Ru
Sif Muna
Trog
Uskayaw
Wu Jian
Xom
Yredelemnul
The Shining One

Annotations:
D:4 exclusion: orc priest


Innate Abilities, Weirdness & Mutations

You are very small and have problems with some larger weapons.
You are too small for most types of armour.
You have supernaturally acute eyesight. (SInv)
You are a herbivore.
You cover ground extremely quickly.
You need to consume almost no food.


Message History

The orc priest resists with some effort.
The orc wizard points at you and mumbles some strange words.
The puff of frost is repelled.
The gnoll barely misses you.
The orc priest hits you with a +0 short sword.
Casting: Ensorcelled Hibernation (safe; 5% risk of failure)
Confirm with . or Enter, or press ? or * to list all spells.
Aiming: Ensorcelled Hibernation (safe; 5% risk of failure)
Press: ? - help, Shift-Dir - straight line, f/p - orc priest
Aim: an orc priest, wielding a +0 short sword and wearing a +0 leather armour (chance to defeat MR: 47%)
The orc priest resists with some effort.
The orc wizard hits you with a +0 dagger.
* * * LOW HITPOINT WARNING * * *
The gnoll barely misses you. The orc priest completely misses you.
The orc wizard casts a spell at you. The magic dart hits you!
* * * LOW HITPOINT WARNING * * *
The orc priest invokes the aid of Beogh against you.
Pain shoots through your body!
You die...
Your body crumbles into a pile of gold.

#.!.### ###.#...####
#.._.......##################
#.#.#...o..+.................
#.#.....o..##################
#...%.g.og..# ########g...#
#....#################
#>...@................
###......#############
#......# #(.....# #......#
######.# #.# #.######### #
#.........# #


You could see an orc priest, an orc wizard, 3 gnolls and an orc.

Vanquished Creatures
  The ghost of Paps the Sneak, an amateur OpBe of Trog (D:5)
  Sigmund (D:3)
  2 ice beasts (D:5)
  2 ogres (D:5)
  A centaur (D:3)
  5 big kobolds (Sewer)
  2 hounds (D:4)
  A bullfrog zombie (D:5)
  A centaur skeleton (D:3)
  2 iguanas
  Terence (D:2)
  An orc wizard (D:4)
  A worker ant (D:5)
  3 gnolls (D:3)
  7 adders
  5 oozes (Sewer)
  3 worms
  A dart slug (D:1)
  4 leopard geckos
  4 orcs (D:4)
  A ball python (Sewer)
  5 giant cockroaches
  4 goblins
  16 hobgoblins
  10 jackals
  A quokka (D:3)
  11 bats
  5 frilled lizards
  16 kobolds
  17 rats
134 creatures vanquished.

Notes
Turn   | Place    | Note
-------+----------+-------------------------------------------
     0 | D:1      | Joat the Spriggan Enchanter began the quest for the Orb.
     0 | D:1      | Reached XP level 1. HP: 9/9 MP: 5/5
   176 | D:1      | Reached XP level 2. HP: 10/13 MP: 5/7
   182 | D:1      | Learned a level 2 spell: Ensorcelled Hibernation
  1171 | D:1      | Reached XP level 3. HP: 15/16 MP: 9/9
  1398 | D:2      | Reached skill level 5 in Spellcasting
  1434 | D:2      | Noticed Terence
  1462 | D:2      | Killed Terence
  1462 | D:2      | Reached XP level 4. HP: 17/21 MP: 10/12
  1557 | D:2      | Learned a level 3 spell: Confuse
  1561 | D:2      | Learned a level 3 spell: Tukima's Dance
  1717 | D:2      | Found a faded altar of an unknown god.
  2000 | D:3      | Noticed Sigmund
  2129 | D:3      | Found an iron altar of Okawaru.
  2695 | D:3      | Reached XP level 5. HP: 24/24 MP: 14/14
  2716 | D:3      | Reached skill level 5 in Stealth
  3064 | D:4      | Found a hide-covered altar of Uskayaw.
  3378 | D:4      | Found a deep blue altar of Sif Muna.
  3415 | D:4      | Reached XP level 6. HP: 29/29 MP: 16/16
  3562 | D:4      | Reached skill level 1 in Fighting
  3562 | D:4      | Reached skill level 1 in Ice Magic
  3854 | D:5      | Entered Level 5 of the Dungeon
  3884 | D:5      | Reached skill level 7 in Stealth
  3938 | D:5      | Found a glowing drain.
  3943 | Sewer    | Entered a sewer
  4208 | Sewer    | Reached skill level 8 in Stealth
  4215 | Sewer    | Reached XP level 7. HP: 31/33 MP: 9/17
  4262 | Sewer    | Reached skill level 9 in Stealth
  4771 | D:5      | Found a staircase to the Ecumenical Temple.
  4778 | D:5      | Reached skill level 10 in Stealth
  4784 | Temple   | Entered the Ecumenical Temple
  4808 | Temple   | Became a worshipper of Gozag Ym Sagoz the Greedy
  4850 | D:5      | Reached XP level 8. HP: 26/37 MP: 17/19
  5055 | D:5      | Found a runed translucent door.
  5061 | D:5      | Noticed Paps's ghost (amateur OpBe)
  5121 | D:5      | Killed Paps's ghost
  5121 | D:5      | Reached skill level 5 in Short Blades
  5574 | D:3      | Killed Sigmund
  6046 | D:4      | Found an ornate altar of the Wu Jian Council.
  6063 | D:4      | HP: 1/37 [orc wizard/magic dart (10)]
  6065 | D:4      | Killed from afar by an orc priest

Skill      XL: |  1  2  3  4  5  6  7  8 |
---------------+-------------------------+-----
Spellcasting   | 3 4 5 6 7 |  7.2
Stealth        | 5 8 10 | 10.3
Short Blades   | 3 4 6 |  6.2
Fighting       | 1 |  1.4
Ice Magic      | 1 |  1.4
Dodging        | 4 |  4.6
Hexes          | 4 |  4.0

Action                   |  1- 3 |  4- 6 |  7- 9 || total
-------------------------+-------+-------+-------++-------
Melee: Spear             |    84 |   155 |    39 ||   278
       Dagger            |    52 |    36 |    34 ||   122
       Trident           |       |       |    19 ||    19
       Unarmed           |       |       |    12 ||    12
 Cast: Corona            |     2 |       |     1 ||     3
       Ensorcelled Hiber |       |    13 |    16 ||    29
       Confuse           |       |       |     7 ||     7
  Use: Scroll            |       |     8 |     4 ||    12
       Potion            |       |       |     1 ||     1
 Stab: Sleeping          |     5 |    12 |    11 ||    28
       Distracted        |       |     1 |       ||     1
       Confused          |       |       |     5 ||     5
  Eat: Ration            |       |     1 |     1 ||     2
Armor: Robe              |    20 |    11 |     7 ||    38
       Skin              |       |       |     1 ||     1
Dodge: Dodged            |   104 |   101 |   111 ||   316
       Deflected         |       |     7 |     2 ||     9
